 Dungeon Crawl Stone Soup version 0.22.1-1-ga44c0e56f4 (webtiles) character file.

218 Naru the Chucker (level 5, -3/50 HPs)
             Began as a Troll Hunter on Nov 9, 2018.
             Killed by divine providence
             ... invoked by an orc priest
              (7 damage)
             ... on level 4 of the Dungeon.
             The game lasted 00:06:25 (2631 turns).

Naru the Chucker (Troll Hunter)                     Turns: 2631, Time: 00:06:25

Health: -3/50      AC:  7    Str: 20    XL:     5   Next: 63%
Magic:  4/4        EV:  6    Int:  7    God:
Gold:   104        SH:  9    Dex: 11    Spells: 4/4 levels left

rFire    + . .     SeeInvis .   a - +0 short sword
rCold    x . .     Gourm    +   i - +2 shield
rNeg     . . .     Faith    .   n - +0 troll leather armour
rPois    .         Spirit   .   (helmet restricted)
rElec    .         Reflect  .   (no cloak)
rCorr    .         Harm     .   (gloves unavailable)
MR       .....                  (boots unavailable)
Stlth    +.........             (no amulet)
HPRegen  0.96/turn              h - ring of fire
MPRegen  0.09/turn              (no ring)

@: about to teleport, flying, hasted, very quick
A: large, unfitting armour, claws 3, fast metabolism 3, gourmand, regeneration
1, shaggy fur 1, tough skin 2
a: no special abilities


You were on level 4 of the Dungeon.
You were hungry.

You visited 1 branch of the dungeon, and saw 4 of its levels.

You collected 104 gold pieces.

Inventory:

Hand Weapons
 a - a +0 short sword (weapon)
 b - a +0 hunting sling
Missiles
 e - 34 poisoned needles
 g - 142 stones (quivered)
 q - 15 bolts
Armour
 i - a +2 shield (worn)
 n - a +0 troll leather armour (worn)
Jewellery
 h - a ring of fire (left claw)
Wands
 r - a wand of acid (8)
Potions
 k - a potion of mutation {unknown}
 l - a potion of haste
 m - a potion of degeneration {unknown}
 o - a potion of lignification {unknown}
 t - a potion of resistance {unknown}
 u - a potion of heal wounds {unknown}
Comestibles
 f - 7 rations


   Skills:
 * Level 2.4 Fighting
 + Level 0.1 Short Blades
 + Level 2.0(3.1) Slings
 * Level 5.0(5.3) Throwing
 + Level 1.8 Dodging
 - Level 0.3 Stealth


You had 4 spell levels left.
You didn't know any spells.
Your spell library contained the following spells:

 Spells                   Type           Power        Failure   Level  Hunger
 Animate Skeleton         Necr           N/A          98%         1    ##.....
 Apportation              Tloc           #.....       98%         1    ##.....
 Confusing Touch          Hex            #.....       98%         1    ##.....
 Summon Small Mammal      Summ           #...         98%         1    ##.....


Dungeon Overview and Level Annotations

Branches:
Dungeon (4/15)
 Temple: D:4-7

Altars:


Innate Abilities, Weirdness & Mutations

You are too large for most types of armour.
You have claws for hands.
Your metabolism is lightning-fast.
You like to eat raw meat.
Your natural rate of healing is unusually fast.
You are covered in fur. (AC +1)
You have very tough skin. (AC +2)


Message History

As you read the scroll of teleportation, it crumbles to dust.
You feel strangely unstable.
The orc priest shouts!
The orc wizard gestures wildly while chanting.
The orc wizard blinks!
You block the quokka's attack. The orc priest hits you with a dagger.
* * * LOW HITPOINT WARNING * * *
It was a potion of haste.
You feel yourself speed up. You block the quokka's attack.
The orc priest hits you but does no damage.
The quokka bites you.
* * * LOW HITPOINT WARNING * * *
Unknown command.
You aren't carrying any scrolls.
It was a potion of flight.
You feel very buoyant.
You fly up into the air.
The orc priest calls down the wrath of Beogh upon you.
Beogh smites you!
You die...

..#..................
##....#...####.####....
#..###..#.# #.........
#####.##....#.#
##..###...< #
#.............###....#
#...
#.#......>..........##.#
...
#.......#.......#......#
..
.......o######w...######
#.#....o<.oo@rO####
#.....######## #.......#
##......# ##.....#
#######


You could see an ogre, a worm, 3 orc priests, an orc wizard and a quokka.

Vanquished Creatures
  An ogre (D:4)
  An iguana (D:4)
  6 adders
  A worm (D:3)
  4 dart slugs
  A leopard gecko (D:2)
  A ball python (D:2)
  5 bats (D:1)
  A giant cockroach (D:1)
  4 goblins
  4 hobgoblins
  7 jackals
  6 kobolds
  A frilled lizard (D:3)
  6 rats
49 creatures vanquished.

Notes
Turn   | Place    | Note
-------+----------+-------------------------------------------
     0 | D:1      | Naru the Troll Hunter began the quest for the Orb.
     0 | D:1      | Reached XP level 1. HP: 19/19 MP: 0/0
   179 | D:1      | Reached skill level 4 in Throwing
   183 | D:1      | Reached XP level 2. HP: 27/27 MP: 1/1
  1283 | D:2      | Reached XP level 3. HP: 29/35 MP: 2/2
  1584 | D:2      | Reached skill level 1 in Slings
  1608 | D:2      | Reached XP level 4. HP: 42/42 MP: 3/3
  2590 | D:4      | Noticed an ogre
  2592 | D:4      | Killed an ogre
  2592 | D:4      | Reached skill level 5 in Throwing
  2592 | D:4      | Reached XP level 5. HP: 50/50 MP: 4/4
  2592 | D:4      | Noticed an ogre
  2631 | D:4      | Killed from afar by an orc priest

Skill      XL: |  1  2  3  4  5 |
---------------+----------------+-----
Throwing       | 4 5 |  5.0
Slings         | 1 2 |  2.0
Fighting       | 2 |  2.4
Short Blades   | |  0.1
Dodging        | |  1.8
Stealth        | |  0.3

Action                   |  1- 3 |  4- 6 || total
-------------------------+-------+-------++-------
Melee: Unarmed           |     8 |       ||     8
       Short sword       |       |    18 ||    18
 Fire: Hunting sling     |   131 |     6 ||   137
Throw: Large rock        |    15 |    33 ||    48
       Throwing net      |     1 |     3 ||     4
       Stone             |       |     2 ||     2
  Use: Scroll            |     3 |     3 ||     6
       Potion            |       |     2 ||     2
  Eat: Chunk             |     9 |     8 ||    17
       Ration            |     1 |       ||     1
Armor: Robe              |    14 |       ||    14
       Troll leather arm |    67 |    18 ||    85
Dodge: Dodged            |    86 |    17 ||   103
Block: Shield            |       |    12 ||    12
